 Dungeon Crawl Stone Soup version 0.31-a0-986-g5e6e4ef867 (webtiles) character file.

Game seed: 12285176622728678767

69 FakeRyeBread the Ruffian (level 4, 44/44 HPs)
             Began as a Troll Fighter on Nov 15, 2023.
             Quit the game on level 2 of the Dungeon.
             The game lasted 00:03:56 (1208 turns).

FakeRyeBread the Ruffian (Troll Fighter)            Turns: 1208, Time: 00:03:57

Health: 44/44      AC:  4    Str: 24    XL:     4   Next: 2%
Magic:  3/3        EV:  8    Int:  6    God:
Gold:   58         SH:  7    Dex:  9    Spells: 3/3 levels left

rFire   . .          .
                       - Unarmed
rCold   . . .        b - +0 kite shield
rNeg    . . .        a - +0 robe
rPois   +            (helmet restricted)
rElec   .            (no cloak)
rCorr   .            (gloves unavailable)
SInv    .            (boots unavailable)
Will    .....        (no amulet)
Stlth   +            h - ring of poison resistance
HPRegen 1.07/turn    (no ring)
MPRegen 0.08/turn

%: no passive effects
@: no status effects
A: large, unfitting armour, claws 3, regeneration 1, shaggy fur 1, tough skin 1
a: no special abilities


You were on level 2 of the Dungeon.
You visited 1 branch of the dungeon, and saw 2 of its levels.

You collected 108 gold pieces.
You spent 50 gold pieces at shops.

Inventory:

Armour
 a - a +0 robe (worn)
 b - a +0 kite shield (worn)
Jewellery
 h - a ring of poison resistance (left claw)
Wands
 i - a wand of mindburst (12) (quivered)
 j - a wand of flame (14)
Scrolls
 d - 2 scrolls of identify
 f - a scroll of amnesia {unknown}
 k - a scroll of poison {unknown}
Potions
 c - a potion of might
 e - a potion of brilliance
 g - a potion of heal wounds


   Skills:
 + Level 2.8 Fighting
 - Level 2.4 Dodging
 + Level 3.2 Shields
 * Level 3.3 Unarmed Combat


You had 3 spell levels left.
You didn't know any spells.
Your spell library contained the following spells:

 Spells                   Type           Power      Damage    Failure   Level
 Shock                    Conj/Air       0%         1d3       71%         1
 Lesser Beckoning         Tloc           0%         N/A       85%         2
 Poisonous Vapours        Pois/Air       0%         N/A       85%         2
 Frozen Ramparts          Ice            0%         1d1       97%         3
 Mephitic Cloud           Conj/Pois/Air  0%         N/A       97%         3
 Swiftness                Air            0%         N/A       97%         3
 Airstrike                Air            0%         2d(0-16)  100%        4
 Dimensional Bullseye     Hex/Tloc       0%         N/A       100%        4
 Petrify                  Tmut/Erth      0%         N/A       100%        4
 Vhi's Electric Charge    Tloc/Air       0%         N/A       100%        4
 Alistair's Intoxication  Tmut/Pois      0%         N/A       100%        5
 Freezing Cloud           Conj/Ice/Air   0%         6-21      100%        5
 Metabolic Englaciation   Hex/Ice        0%         N/A       100%        5


Dungeon Overview and Level Annotations

Branches:
Dungeon (2/15)

Altars:
Sif Muna

Shops:
D:1 !


Innate Abilities, Weirdness & Mutations

You are too large for most types of armour.
You have claws for hands.
Your natural rate of healing is unusually fast.
You are covered in fur. (AC +1)
You have tough skin. (AC +1)


Message History

No target in view!
There is an open door here.
As you open the door, it creaks loudly!
There is an open door here.
There is an open door here.
As you open the door, it creaks loudly!
There is an open door here.
A hobgoblin comes into view.
A hobgoblin is nearby!
The hobgoblin shouts!
You barely miss the hobgoblin. The hobgoblin barely misses you.
You scratch the hobgoblin.
The hobgoblin is heavily wounded.
The hobgoblin barely misses you. The hobgoblin hits you.
You claw the hobgoblin!
You kill the hobgoblin!
You have reached level 4!
You see here a hobgoblin corpse.
There is an open door here.
You see here an adder corpse.
A ball python and a kobold come into view.
Found a book of Sloth.
The ball python hisses angrily.
The kobold shouts!
There are monsters nearby!
There are monsters nearby!
You claw the ball python!
You kill the ball python!
You miss the kobold. The kobold hits you with a +0 club.
You scratch the kobold.
You kill the kobold!
No target in view!
No target in view!
Things that are here:
a +0 club; a kobold corpse You pick up a book of Sloth and begin reading...
You add the spells Frozen Ramparts, Petrify and Metabolic Englaciation to your library.
As you open the door, it creaks loudly!
k - a scroll labelled WOPNO XOLU
Okay, then.
Are you sure you want to abandon this character and quit the game? (Confirm with "yes".)

.###..####...##......#.†......†.#
.# #..# ##.###..........#'####..
.###..# #.##........##.#.# #..
......# #.##.######.##.#.# #..
..###.# #.##. #.##.#.# #.. #.#
#.#####.## #.##.#.# #.. #.#
#.#.....##+### #.##.#.# #..
#.###.#.....#....# #.##.#.# #..
............#...@# #.##.#.####..
##..#.#....##....####.##.#.......
.).<#.+....+...........#'######.#
##..###....###.#####.........##.#
....# #....# #. +.........##.#
##...####### .. #.........#..#
#.#..# .. #.........#... #.##.#
#.. #.........#... #.# .# #.
#.........##..


There were no monsters in sight!

Vanquished Creatures
  2 adders (D:2)
  6 ball pythons
  3 bats (D:1)
  6 endoplasms
  3 giant cockroaches
  7 goblins (D:1)
  5 hobgoblins
  5 kobolds
  A frilled lizard (D:1)
  4 rats (D:1)
42 creatures vanquished.

Notes
Turn   | Place    | Note
-------+----------+-------------------------------------------
     0 | D:1      | FakeRyeBread the Troll Fighter began the quest for the Orb.
     0 | D:1      | Reached XP level 1. HP: 22/22 MP: 0/0
   165 | D:1      | Reached XP level 2. HP: 29/29 MP: 1/1
   235 | D:1      | Got the Octavo of Putridity and Location
   272 | D:1      | Found Ewiux's Distillery.
   444 | D:1      | Reached XP level 3. HP: 35/36 MP: 2/2
   859 | D:1      | Bought a potion of heal wounds for 50 gold pieces
  1044 | D:2      | Found a shimmering blue altar of Sif Muna.
  1136 | D:2      | Reached XP level 4. HP: 43/44 MP: 3/3
  1208 | D:2      | Quit the game

Illustrated notes

Levels and vault maps discovered:
D:1:      roadster_arrival_rocket_large, layout_basic, serial_shops,
          nicolae_shop_pleasant_corner_grove
D:2:      layout_basic, basic_altar

Skill      XL: |  1  2  3 |
---------------+----------+-----
Shields        | 3 |  3.2
Unarmed Combat | 3 |  3.3
Fighting       | |  2.8
Dodging        | |  2.4

Action                     |  1- 3 |  4- 6 || total
---------------------------+-------+-------++-------
  Melee: Unarmed           |    81 |     3 ||    84
    Use: Scroll            |     1 |       ||     1
 Armour: Robe              |    50 |     1 ||    51
  Dodge: Dodged            |    23 |       ||    23
  Block: Kite shield       |    31 |       ||    31

Table legend: (Time is in decaauts)
 A = Elapsed time spent in this place.
 B = Non-inter-level travel time spent in this place.
 C = Inter-level travel time spent in this place.
 D = Time resting spent in this place.
 E = Time spent auto-exploring this place.
 F = Levels seen in this place.
 G = Mean time per level.
                   A        B        C        D        E       F      G
               +--------+--------+--------+--------+--------+-----+--------+
         Total |   1213 |   1175 |     38 |      0 |    947 |   2 |  606.5 |
       Dungeon |   1213 |   1175 |     38 |      0 |    947 |   2 |  606.5 |
               +--------+--------+--------+--------+--------+-----+--------+

Top non-repeatable levels by time:
     D:1: 879 daAuts
     D:2: 333 daAuts
